General information
- name: BNet
- type: Ladder team game (AT/RT)
- host: Battle.net
- saver: ReignIForever
map: Cherryville
- players: 8
- length: 33:36
- speed: Fast
- version: 1.26 W3XP
- replay type: Public
» download(180 KB)
Players
team 1 (loser)
oneborneverymin (
purple | 37 APM | 209 actions | 05:40)
1 Tauren Chieftain
1 War Stomp
» actions
| Assign group hotkey | 6 | |
| Basic commands | 8 | |
| Build / train | 21 | |
| Enter build submenu | 10 | |
| Enter hero's abilities submenu | 1 | |
| Remove unit from queue | 1 | |
| Right click | 59 | |
| Select / deselect | 64 | |
| Select group hotkey | 21 | |
| Use ability | 18 | |
209 total
» units
| Peon | 10 | |
| Troll Headhunter/Berserker | 6 | |
16 total
» buildings
| Orc Burrow | 3 | |
| Altar of Storms | 1 | |
| War Mill | 1 | |
| Barracks | 1 | |
| Voodoo Lounge | 1 | |
| Watch Tower | 3 | |
10 total
» build order
00:23 Orc Burrow
00:39 Altar of Storms
00:53 War Mill
01:07 Barracks
01:52 Orc Burrow
02:12 Voodoo Lounge
02:37 Watch Tower
03:53 Watch Tower
04:23 Watch Tower
04:38 Orc Burrow
» items
| Lesser Clarity Potion | 1 | |
| Healing Salve | 1 | |
2 total
Bnet-is-Low (
yellow | 38 APM | 197 actions | 05:08)
1 Mountain King
1 Storm Bolt
» actions
| Build / train | 15 | |
| Enter build submenu | 16 | |
| Enter hero's abilities submenu | 1 | |
| Right click | 91 | |
| Select / deselect | 61 | |
| Use ability | 13 | |
197 total
» units
» buildings
| Blacksmith | 1 | |
| Barracks | 1 | |
| Altar of Kings | 1 | |
| Farm | 4 | |
| Scout Tower | 4 | |
| Arcane Tower | 3 | |
| Lumber Mill | 1 | |
15 total
» build order
01:03 Blacksmith
01:05 Barracks
01:16 Altar of Kings
01:21 Farm
01:25 Farm
01:36 Scout Tower
02:12 Arcane Tower
02:41 Farm
02:56 Scout Tower
03:02 Scout Tower
03:10 Lumber Mill
03:43 Arcane Tower
03:49 Farm
04:44 Arcane Tower
04:47 Scout Tower

»
El-Babouino (
pink | 16 APM | 94 actions | 06:00)
» actions
| Assign group hotkey | 3 | |
| Basic commands | 6 | |
| Build / train | 4 | |
| Enter build submenu | 3 | |
| Right click | 11 | |
| Select / deselect | 37 | |
| Select group hotkey | 21 | |
| Use ability | 9 | |
94 total
» units
» buildings
» build order
00:09 Blacksmith
00:20 Farm
Gabber_nl (
blue | 46 APM | 1541 actions | 33:35)
4 Paladin
2 Divine Shield
2 Holy Light
3 Tauren Chieftain
1 Shockwave
2 Endurance Aura
5 Archmage
3 Summon Water Elemental
1 Blizzard
1 Brilliance Aura
2 Shadow Hunter
1 Serpent Ward
1 Healing Wave
» actions
| Build / train | 250 | |
| Enter build submenu | 106 | |
| Enter hero's abilities submenu | 14 | |
| Right click | 510 | |
| Select / deselect | 514 | |
| Use ability | 147 | |
1541 total
» units
| Peasant | 18 | |
| Footman | 3 | |
| Rifleman | 67 | |
| Troll Headhunter/Berserker | 37 | |
| Peon | 22 | |
| Knight | 4 | |
| Siege Engine | 10 | |
| Priest | 1 | |
162 total
» upgrades
| Gunpowder | 5 | |
| Masonry | 4 | |
| Armor | 5 | |
| Lumber Harvesting | 1 | |
| Long Rifles | 2 | |
| Troll Regeneration | 1 | |
| Animal War Training | 1 | |
| Spiked Barricades | 2 | |
| Ranged Weapons | 2 | |
| Barrage | 1 | |
| Priest Training | 1 | |
| Berserker Upgrade | 1 | |
26 total
» buildings
| Farm | 23 | |
| Altar of Kings | 2 | |
| Barracks | 2 | |
| Lumber Mill | 2 | |
| Blacksmith | 1 | |
| Scout Tower | 38 | |
| Arcane Tower | 1 | |
| Guard Tower | 35 | |
| Town Hall | 7 | |
| Stronghold | 1 | |
| Keep | 4 | |
| Castle | 2 | |
| Orc Burrow | 7 | |
| Watch Tower | 16 | |
| Arcane Sanctum | 1 | |
| Workshop | 1 | |
| Fortress | 1 | |
| Arcane Vault | 1 | |
| Great Hall | 1 | |
146 total
» build order
00:23 Farm
00:40 Altar of Kings
01:03 Farm
01:08 Barracks
01:41 Farm
01:44 Lumber Mill
02:03 Blacksmith
02:17 Scout Tower
02:27 Farm
02:50 Arcane Tower
03:11 Farm
03:14 Scout Tower
03:45 Guard Tower
03:53 Scout Tower
04:23 Farm
04:27 Guard Tower
05:52 Town Hall
06:13 Stronghold
06:26 Keep
06:36 Scout Tower
07:02 Town Hall
07:10 Altar of Kings
07:13 Barracks
07:16 Scout Tower
07:24 Lumber Mill
07:30 Guard Tower
08:19 Farm
08:34 Farm
09:08 Scout Tower
09:21 Guard Tower
09:24 Farm
09:37 Guard Tower
09:40 Scout Tower
09:44 Castle
10:12 Farm
10:13 Guard Tower
10:19 Guard Tower
10:23 Scout Tower
10:51 Farm
10:54 Guard Tower
10:59 Scout Tower
11:13 Orc Burrow
12:09 Guard Tower
12:13 Scout Tower
12:18 Orc Burrow
12:26 Farm
12:28 Keep
12:34 Farm
12:45 Farm
12:48 Keep
13:00 Guard Tower
13:03 Scout Tower
13:08 Farm
13:19 Farm
13:26 Farm
13:39 Guard Tower
13:48 Scout Tower
13:51 Scout Tower
13:57 Watch Tower
14:12 Orc Burrow
14:20 Farm
14:23 Guard Tower
14:24 Guard Tower
14:27 Scout Tower
14:32 Farm
14:51 Scout Tower
15:17 Watch Tower
15:21 Guard Tower
15:24 Scout Tower
15:33 Farm
16:30 Arcane Sanctum
16:33 Workshop
16:37 Scout Tower
16:47 Guard Tower
16:51 Scout Tower
16:54 Town Hall
17:04 Scout Tower
17:10 Guard Tower
17:13 Scout Tower
17:21 Fortress
17:32 Guard Tower
17:35 Scout Tower
17:56 Guard Tower
18:00 Scout Tower
18:27 Watch Tower
18:34 Guard Tower
18:36 Scout Tower
19:08 Town Hall
19:11 Guard Tower
19:13 Scout Tower
19:22 Guard Tower
19:28 Scout Tower
19:39 Watch Tower
19:58 Guard Tower
20:01 Scout Tower
20:11 Guard Tower
20:16 Scout Tower
20:35 Keep
20:39 Guard Tower
20:42 Farm
21:00 Guard Tower
21:03 Scout Tower
21:29 Farm
22:00 Guard Tower
22:03 Scout Tower
22:15 Watch Tower
22:37 Farm
22:52 Watch Tower
22:55 Watch Tower
23:32 Watch Tower
24:14 Guard Tower
24:16 Scout Tower
24:41 Scout Tower
25:05 Orc Burrow
25:17 Guard Tower
25:20 Arcane Vault
25:41 Guard Tower
25:44 Scout Tower
26:12 Orc Burrow
26:55 Town Hall
27:20 Orc Burrow
27:57 Town Hall
28:30 Guard Tower
28:54 Orc Burrow
29:00 Watch Tower
29:38 Scout Tower
29:43 Scout Tower
30:39 Guard Tower
30:41 Guard Tower
30:43 Scout Tower
30:59 Great Hall
31:01 Watch Tower
31:04 Watch Tower
31:07 Watch Tower
31:09 Watch Tower
31:12 Watch Tower
31:34 Watch Tower
31:45 Town Hall
32:27 Scout Tower
32:29 Guard Tower
32:31 Scout Tower
32:46 Watch Tower
33:18 Guard Tower
33:19 Guard Tower
33:21 Scout Tower
33:27 Castle
team 2 (winner)
ReignIForever (
red | 85 APM | 2863 actions | 33:36)
4 Blood Mage
2 Flame Strike
2 Siphon Mana
» actions
| Assign group hotkey | 69 | |
| Basic commands | 341 | |
| Build / train | 240 | |
| ESC pressed | 14 | |
| Enter build submenu | 64 | |
| Enter hero's abilities submenu | 4 | |
| Give item / drop item | 3 | |
| Right click | 731 | |
| Select / deselect | 541 | |
| Select group hotkey | 678 | |
| Use ability | 178 | |
2863 total
» units
| Peasant | 42 | |
| Footman | 12 | |
| Goblin Shredder | 10 | |
| Siege Engine | 5 | |
| Dragonhawk Rider | 1 | |
| Gryphon Rider | 3 | |
| Flying Machine | 9 | |
82 total
» upgrades
| Masonry | 3 | |
| Lumber Harvesting | 2 | |
| Plating | 3 | |
| Animal War Training | 1 | |
| Gunpowder | 3 | |
| Barrage | 1 | |
| Cloud | 1 | |
| Swords | 3 | |
| Storm Hammers | 1 | |
| Flak Cannons | 1 | |
| Flying Machine Bombs | 1 | |
| Armor | 3 | |
23 total
» buildings
| Altar of Kings | 1 | |
| Barracks | 1 | |
| Farm | 16 | |
| Lumber Mill | 1 | |
| Town Hall | 1 | |
| Keep | 3 | |
| Scout Tower | 27 | |
| Guard Tower | 52 | |
| Castle | 2 | |
| Arcane Vault | 1 | |
| Blacksmith | 1 | |
| Workshop | 2 | |
| Gryphon Aviary | 3 | |
111 total
» build order
00:16 Altar of Kings
00:20 Barracks
00:22 Farm
00:58 Farm
01:55 Farm
03:00 Farm
03:03 Lumber Mill
04:03 Farm
04:51 Town Hall
04:54 Keep
04:54 Keep
06:33 Farm
07:37 Scout Tower
07:39 Scout Tower
07:45 Scout Tower
07:53 Scout Tower
08:03 Guard Tower
08:03 Guard Tower
08:03 Guard Tower
08:03 Guard Tower
08:07 Guard Tower
08:07 Guard Tower
08:08 Guard Tower
08:28 Guard Tower
08:28 Guard Tower
08:28 Guard Tower
08:28 Guard Tower
09:26 Scout Tower
09:27 Scout Tower
09:27 Scout Tower
09:28 Scout Tower
09:54 Scout Tower
09:55 Scout Tower
09:57 Scout Tower
10:04 Castle
10:04 Castle
10:09 Guard Tower
10:26 Guard Tower
10:26 Guard Tower
10:26 Guard Tower
10:37 Guard Tower
10:37 Guard Tower
10:38 Guard Tower
11:13 Guard Tower
11:14 Guard Tower
11:29 Arcane Vault
11:37 Blacksmith
11:45 Scout Tower
11:48 Scout Tower
11:58 Scout Tower
13:05 Workshop
13:07 Workshop
13:36 Scout Tower
13:37 Scout Tower
13:48 Scout Tower
13:51 Guard Tower
14:31 Guard Tower
15:02 Guard Tower
15:02 Guard Tower
15:03 Guard Tower
15:03 Guard Tower
15:07 Guard Tower
16:02 Farm
16:03 Farm
16:04 Farm
16:19 Scout Tower
16:20 Scout Tower
16:24 Scout Tower
17:01 Guard Tower
18:31 Gryphon Aviary
18:35 Gryphon Aviary
18:39 Gryphon Aviary
18:46 Farm
18:46 Farm
19:12 Guard Tower
20:27 Scout Tower
22:25 Scout Tower
22:27 Scout Tower
22:28 Scout Tower
22:32 Guard Tower
22:32 Guard Tower
22:33 Scout Tower
22:35 Scout Tower
22:36 Scout Tower
23:31 Guard Tower
23:31 Guard Tower
23:50 Guard Tower
23:51 Guard Tower
27:05 Farm
27:06 Farm
27:06 Farm
27:07 Farm
27:09 Farm
» items
| Scroll of Regeneration | 2 | |
| Scroll of Town Portal | 17 | |
| Orb of Fire | 3 | |
| Staff of Sanctuary | 1 | |
| Lesser Clarity Potion | 3 | |
| Potion of Mana | 1 | |
27 total

»
Warlock(PL) (
orange | 30 APM | 884 actions | 29:26)
1 Blademaster
1 Wind Walk
» actions
| Basic commands | 6 | |
| Build / train | 52 | |
| Enter build submenu | 17 | |
| Enter hero's abilities submenu | 1 | |
| Remove unit from queue | 2 | |
| Right click | 544 | |
| Select / deselect | 232 | |
| Use ability | 30 | |
884 total
» units
| Peon | 8 | |
| Troll Batrider | 19 | |
| Wind Rider | 5 | |
32 total
» upgrades
| Pillage | 0 | |
| Ranged Weapons | 3 | |
| Melee Weapons | 3 | |
| Armor | 2 | |
| Liquid Fire | 1 | |
| Envenomed Spears | 1 | |
10 total
» buildings
| Orc Burrow | 8 | |
| Altar of Storms | 1 | |
| War Mill | 1 | |
| Voodoo Lounge | 1 | |
| Stronghold | 1 | |
| Watch Tower | 2 | |
| Fortress | 1 | |
| Beastiary | 2 | |
17 total
» build order
00:08 Orc Burrow
00:11 Altar of Storms
01:04 Orc Burrow
01:37 War Mill
02:48 Orc Burrow
03:25 Voodoo Lounge
03:54 Stronghold
04:06 Orc Burrow
04:20 Watch Tower
04:27 Watch Tower
06:23 Fortress
08:01 Beastiary
08:06 Beastiary
12:24 Orc Burrow
12:26 Orc Burrow
12:29 Orc Burrow
12:32 Orc Burrow
» items
| Healing Salve | 2 | |
| Lesser Clarity Potion | 2 | |
4 total
Kung_Fu_Master (
teal | 54 APM | 1293 actions | 23:57)
4 Priestess of the Moon
2 Searing Arrows
2 Trueshot Aura
4 Naga Sea Witch
2 Frost Arrows
2 Forked Lightning
4 Dark Ranger
2 Black Arrow
2 Silence
» actions
| Assign group hotkey | 32 | |
| Basic commands | 129 | |
| Build / train | 59 | |
| Enter build submenu | 16 | |
| Enter hero's abilities submenu | 13 | |
| Give item / drop item | 8 | |
| Remove unit from queue | 1 | |
| Right click | 565 | |
| Select / deselect | 264 | |
| Select group hotkey | 175 | |
| Use ability | 31 | |
1293 total
» units
» upgrades
| Abolish Magic | 1 | |
| Strength of the Wild | 3 | |
| Reinforced Hides | 1 | |
5 total
» buildings
| Altar of Elders | 1 | |
| Moon Well | 6 | |
| Tree of Ages | 4 | |
| Hunter's Hall | 1 | |
| Ancient of Lore | 2 | |
| Tree of Eternity | 1 | |
| Ancient of Wonders | 1 | |
| Tree of Life | 3 | |
19 total
» build order
00:06 Altar of Elders
00:21 Moon Well
01:49 Tree of Ages
01:50 Tree of Ages
04:16 Hunter's Hall
04:18 Moon Well
05:28 Ancient of Lore
05:29 Ancient of Lore
05:39 Moon Well
05:57 Moon Well
08:23 Tree of Eternity
09:19 Moon Well
12:50 Moon Well
14:37 Ancient of Wonders
19:13 Tree of Life
20:25 Tree of Life
20:32 Tree of Life
» items
| Boots of Speed | 3 | |
| Scroll of Town Portal | 1 | |
| Scroll of Healing | 2 | |
6 total
vallyindaclub (
green | 73 APM | 2452 actions | 33:35)
6 Archmage
2 Summon Water Elemental
2 Brilliance Aura
1 Blizzard
1 Mass Teleport
4 Paladin
2 Holy Light
2 Divine Shield
» actions
| Assign group hotkey | 147 | |
| Basic commands | 112 | |
| Build / train | 111 | |
| Enter build submenu | 26 | |
| Enter hero's abilities submenu | 10 | |
| Give item / drop item | 2 | |
| Remove unit from queue | 1 | |
| Right click | 440 | |
| Select / deselect | 706 | |
| Select group hotkey | 784 | |
| Use ability | 111 | |
2452 total
» units
| Peasant | 26 | |
| Footman | 16 | |
| Kobold | 1 | |
| Murloc Huntsman | 1 | |
| Assassin | 1 | |
| Rifleman | 8 | |
| Goblin Shredder | 1 | |
| Mortar Team | 12 | |
66 total
» upgrades
| Masonry | 3 | |
| Defend | 1 | |
| Swords | 2 | |
| Gunpowder | 2 | |
| Lumber Harvesting | 2 | |
| Flare | 1 | |
| Fragmentation Shards | 1 | |
| Long Rifles | 1 | |
| Armor | 1 | |
14 total
» buildings
| Altar of Kings | 1 | |
| Barracks | 2 | |
| Farm | 9 | |
| Town Hall | 2 | |
| Scout Tower | 3 | |
| Arcane Tower | 1 | |
| Lumber Mill | 2 | |
| Guard Tower | 1 | |
| Keep | 1 | |
| Blacksmith | 1 | |
| Arcane Vault | 1 | |
| Castle | 1 | |
| Workshop | 1 | |
26 total
» build order
00:19 Altar of Kings
00:28 Barracks
00:32 Farm
01:08 Farm
01:37 Farm
02:19 Farm
03:32 Town Hall
03:39 Farm
03:54 Scout Tower
04:26 Farm
04:53 Arcane Tower
05:04 Lumber Mill
05:11 Farm
07:33 Town Hall
07:48 Barracks
07:52 Scout Tower
07:55 Scout Tower
09:28 Guard Tower
09:34 Keep
09:54 Blacksmith
11:21 Arcane Vault
12:17 Castle
12:39 Workshop
12:58 Lumber Mill
18:51 Farm
18:52 Farm
» items
| Orb of Lightning | 1 | |
| Lesser Clarity Potion | 3 | |
| Potion of Healing | 3 | |
| Healing Salve | 1 | |
| Scroll of Town Portal | 3 | |
| Scroll of Regeneration | 3 | |
14 total
Chat log
(00:10 / Allies) ReignIForever: Hope you don't try that again bro
(00:13 / Allies) Kung_Fu_Master: hi mass dryads
(00:26 / Allies) ReignIForever: Do you mass dryads every game?
(00:33 / Allies) Warlock(PL): hi guys
(00:39 / Allies) vallyindaclub: hi
(00:41 / Allies) ReignIForever: sup
(00:45 / Allies) Kung_Fu_Master: what do you mean that is my first game
(00:49 / Allies) ReignIForever: lol
(00:52 / Allies) ReignIForever: ok
(02:24 / Allies) Kung_Fu_Master: fast exp ?
(02:29 / Allies) vallyindaclub: yes
(02:57 / Allies) ReignIForever: yeh just alt tabbing checking something now so slow
(04:05 / Allies) ReignIForever: hmm
(04:11 / Allies) ReignIForever: I could swear you were more talkative valleyindaclub
(04:15 / Allies) ReignIForever: but in 2 old games of ours I checked
(04:16 / Allies) ReignIForever: I guess not
(04:44 / Allies) Warlock(PL): teal
(05:06 / All) Bnet-is-Low: omg pink this noob kill his self ^^
(05:11 / All) ReignIForever: lmao
(05:14 / All) ReignIForever: Please stay
(05:17 / All) ReignIForever: I wanted to do some stuff this game
(05:28 / All) oneborneverymin: sigh...
(05:33 / All) oneborneverymin: my namesake pink
(05:35 / All) oneborneverymin: gg
(05:39 / All) ReignIForever: I wanted to kill valleyindaclub
(05:46 / All) ReignIForever: now I won't get to
(05:50 / All) ReignIForever: I even got a pendant of energy to do it
(06:03 / All) ReignIForever: stay
(06:03 / All) ReignIForever: stay
(06:04 / All) ReignIForever: stay
(06:05 / All) ReignIForever: stay
(06:05 / All) ReignIForever: stay
(06:06 / All) ReignIForever: stay
(06:07 / All) ReignIForever: stay
(06:08 / All) ReignIForever: STAY
(06:10 / All) Warlock(PL): lol
(06:14 / All) ReignIForever: I have an offer you cannot refuse
(06:32 / All) Warlock(PL): lol leavers
(06:45 / All) Warlock(PL): red no
(06:51 / All) Warlock(PL): red stop
(06:57 / All) Warlock(PL): red
(07:13 / All) Warlock(PL): red is pro noob
(07:20 / All) ReignIForever: thanks
(07:26 / All) ReignIForever: 1 down 3 to go
(07:36 / Allies) Warlock(PL): dont kill
(07:46 / All) Warlock(PL): kill red
(08:37 / All) Warlock(PL): stop red
(08:39 / All) Warlock(PL): don kill
(08:47 / All) Warlock(PL): dont kill
(08:49 / All) Warlock(PL): stop
(09:01 / All) Warlock(PL): stop
(09:03 / All) Warlock(PL): green
(09:07 / All) ReignIForever: stop
(09:08 / All) ReignIForever: stop
(09:16 / All) Warlock(PL): red you are pro noob
(09:25 / All) Warlock(PL): you kill town green
(09:28 / All) Warlock(PL): look
(09:32 / All) ReignIForever: yeah I see lol
(09:34 / All) Warlock(PL): mega noob
(10:32 / All) ReignIForever: why haven't you even killed them yet lol
(10:36 / All) ReignIForever: you could have stopped wasting your time on me
(10:57 / Allies) Warlock(PL): green and red stop!
(11:08 / Allies) Warlock(PL): omg noobs
(11:23 / Allies) ReignIForever: they don't realise killing me doesn't give us our win
(11:40 / Allies) Warlock(PL): teal wait for me
(12:11 / Allies) Warlock(PL): attack green
(12:16 / Allies) Warlock(PL): and you red
(12:29 / Allies) ReignIForever: sec
(12:33 / Allies) Warlock(PL): ok
(15:44 / 9) ReignIForever: I'm still killing my team
(15:45 / 9) ReignIForever: making tanks
(15:49 / 9) ReignIForever: You might want to tower up
(16:42 / All) Warlock(PL): gg
(17:44 / 9) ReignIForever: tower up
(18:58 / Allies) Kung_Fu_Master: orange
(19:00 / All) Warlock(PL): ?
(19:02 / Allies) Kung_Fu_Master: can you go fuck red please?
(19:24 / Allies) Warlock(PL): teal
(20:40 / 9) ReignIForever: tower up
(20:42 / 9) ReignIForever: lots of towers
(20:54 / 9) ReignIForever: you need a lot more than you have
(21:49 / Allies) vallyindaclub: ur stupid orange
(21:57 / 9) ReignIForever: TOWER UP
(21:58 / All) ReignIForever: BRO
(22:01 / Allies) Warlock(PL): you are stupid
(22:06 / Allies) Warlock(PL): bitch
(22:17 / Allies) Warlock(PL): buhahah
(22:33 / Allies) Warlock(PL): bitch
(22:44 / Allies) vallyindaclub: u wana lose i help u guys :)
(22:45 / Allies) vallyindaclub: np
(22:52 / All) Warlock(PL): im noob team
(22:53 / Allies) ReignIForever: good
(22:59 / All) Warlock(PL): red
(23:00 / All) ReignIForever: by the way
(23:04 / All) ReignIForever: thanks for staying on the other team
(23:05 / All) Warlock(PL): red is bitch
(23:10 / All) ReignIForever: you would be surprised how many leave
(23:21 / All) Warlock(PL): you are fucking leaver red
(23:32 / All) ReignIForever: what?
(23:34 / All) ReignIForever: I stayed all game
(23:38 / All) Warlock(PL): yhy'
(23:41 / All) Warlock(PL): bitch
(24:00 / All) ReignIForever: FINALLY
(24:01 / All) ReignIForever: ONE DOWN
(24:09 / All) Gabber_nl: hahha 4 v 1
(24:14 / All) ReignIForever: My allies sucked
(24:17 / All) ReignIForever: Orange told them to back off killing me
(24:19 / All) ReignIForever: it helped a lot lol
(24:26 / All) ReignIForever: You did good sir
(24:27 / Allies) vallyindaclub: yes polis moron
(24:31 / All) Gabber_nl: ty
(24:44 / All) ReignIForever: A lot of players just leave when I tell them to stay, it really sucks. I've lost a lot of good games due to it
(24:52 / All) ReignIForever: and they always go afk, never build up like you did
(24:55 / All) ReignIForever: I'm impressed
(25:57 / All) ReignIForever: thanks for helping me clean up valleyindaclub
(26:01 / All) ReignIForever: and kill their shit
(26:06 / Allies) vallyindaclub: np
(26:09 / All) ReignIForever: I remembered playing with you before back in the day
(26:11 / All) ReignIForever: I did this in your name
(26:18 / Allies) vallyindaclub: thanks :)
(26:29 / Allies) vallyindaclub: i just help u cause orange is stupid:)
(26:38 / All) ReignIForever: He was a dumbass
(26:49 / All) ReignIForever: Almost as bad as you and teal
(29:08 / All) ReignIForever: Killing my base now
(29:24 / All) Warlock(PL): omg red is pro noob
(29:37 / All) ReignIForever: free bats
(31:59 / All) ReignIForever: that's last building
(32:02 / All) ReignIForever: unless I missed something
(32:04 / All) ReignIForever: the blacksmith
(32:10 / All) Gabber_nl: np
(32:23 / All) ReignIForever: Think I'm gonna get dragonhide armour before ending it
(33:16 / All) ReignIForever: Gg
(33:22 / All) ReignIForever: It was a pleasure working with you blue
(33:27 / All) ReignIForever: And a pleasure killing valleyindaclub
(33:28 / All) Gabber_nl: ty
(33:29 / All) ReignIForever: for the sake of old times